 Dungeon Crawl Stone Soup version 0.30.1-4-g462c640d31 (webtiles) character file.

Game seed: 6894047498581575452

36 Babbit the Trooper (level 3, 0/33 HPs)
             Began as a Minotaur Fighter on Sept 18, 2023.
             Slain by a kobold
             ... wielding a +0 short sword
              (4 damage)
             ... on level 2 of the Dungeon.
             The game lasted 00:02:02 (915 turns).

Babbit the Trooper (Minotaur Fighter)                Turns: 915, Time: 00:02:03

Health: 0/33       AC:  7    Str: 22    XL:     3   Next: 19%
Magic:  2/2        EV:  9    Int:  5    God:
Gold:   74         SH:  4    Dex:  9    Spells: 2/2 levels left

rFire   . . .        a - +0 war axe
rCold   . . .        c - +0 buckler
rNeg    . . .        b - +0 scale mail
rPois   .            (helmet restricted)
rElec   .            (no cloak)
rCorr   .            (no gloves)
SInv    .            (no boots)
Will    .....        (no amulet) Stlth
                     (no ring)
HPRegen 0.25/turn    (no ring)
MPRegen 0.08/turn

%: no passive effects
@: no status effects
A: horns 2, retaliatory headbutt
a: no special abilities


You were on level 2 of the Dungeon.
You visited 1 branch of the dungeon, and saw 2 of its levels.

You collected 74 gold pieces.

Inventory:

Hand Weapons
 a - a +0 war axe (weapon)
Armour
 b - a +0 scale mail (worn)
 c - a +0 buckler (worn)
Scrolls
 h - a scroll of identify {unknown}
 i - a scroll of enchant armour {unknown}
 j - a scroll of teleportation {unknown}
 k - a scroll of fear {unknown}
 l - 3 scrolls of vulnerability {unknown}
Potions
 d - a potion of might
 e - a potion of curing {unknown}
 f - 3 potions of mutation {unknown}
 g - a potion of heal wounds {unknown}


   Skills:
 + Level 4.2 Fighting
 + Level 3.0 Axes
 + Level 4.1 Armour
 + Level 3.9 Shields


You had 2 spell levels left.
You didn't know any spells.
Your spell library was empty.

Dungeon Overview and Level Annotations

Branches:
Dungeon (2/15)

Altars:

Shops:
D:1 [


Innate Abilities, Weirdness & Mutations

You have a pair of horns on your head.
You reflexively headbutt those who attack you in melee.


Message History

The frilled lizard hisses angrily.
An orc comes into view. It is wielding a +0 dagger.
The orc priest invokes the aid of Beogh against you.
Beogh smites you!
The orc shouts!
Found 5 poisoned darts.
An orc comes into view. It is wielding a +0 club.
An orc comes into view. It is wielding a +0 dagger.
The hobgoblin hits you but does no damage.
You hit the hobgoblin.
You kill the hobgoblin!
A kobold comes into view. It is wielding a +0 short sword.
The orc closely misses you. You furiously retaliate!
You headbutt the orc. You slash the orc!
You kill the orc!
The orc priest looks satisfied for a moment.
You slash the orc!
You kill the orc!
You miss the frilled lizard.
The frilled lizard bites you but does no damage.
The frilled lizard barely misses you. The orc hits you but does no damage.
Your Axes skill increases to level 3!
You closely miss the orc. x2; You barely miss the frilled lizard.
You block the frilled lizard's attack. The orc hits you with a +0 club.
You block the orc's attack.
You barely miss the orc. You barely miss the frilled lizard. You hit the orc.
You block the frilled lizard's attack. The orc hits you but does no damage.
The orc hits you with a +0 dagger.
You are too injured to fight recklessly!
You closely miss the orc. You headbutt the orc.
You kill the orc!
You closely miss the kobold. You closely miss the frilled lizard.
You barely miss the orc.
The orc priest begins to cast a cantrip, but forgets the words!
The frilled lizard misses you. The kobold hits you but does no damage.
The orc priest mumbles some strange prayers to Beogh against you.
Beogh smites you!
* * * LOW HITPOINT WARNING * * *
The kobold hits you with a +0 short sword.
You die...

.......
..#.##.#########.##'##
.......
............).....>#
.......
............##.##.##
....... # #.
#...............#
.......
..###.##..##....##.##..#
'####+#
........................
.#
........................
.#
###.#o..########.##..#
.# #.†@)o..............
.#
......Kl)..##...##.##..#
... (...........'...+.
..... .#.
..###.#....##.. # .#...#
# . ......... .. #...# .
##.#....### # #. # ....
........ ##.. # #......
....


You could see an orc priest, an orc, a kobold and a frilled lizard.

Vanquished Creatures
  A worm (D:2)
  3 orcs (D:2)
  2 ball pythons
  2 endoplasms
  2 giant cockroaches (D:1)
  4 hobgoblins
  3 jackals (D:2)
  2 quokkas (D:1)
  3 bats
  A frilled lizard (D:1)
  3 kobolds
  2 rats (D:2)
28 creatures vanquished.

Notes
Turn   | Place    | Note
-------+----------+-------------------------------------------
     0 | D:1      | Babbit the Minotaur Fighter began the quest for the Orb.
     0 | D:1      | Reached XP level 1. HP: 19/19 MP: 0/0
   259 | D:1      | Found Peefink's Antique Armour Shop.
   303 | D:1      | Reached XP level 2. HP: 21/27 MP: 1/1
   653 | D:2      | Found a faded altar of an unknown god.
   768 | D:2      | Reached XP level 3. HP: 25/33 MP: 2/2
   915 | D:2      | Slain by a kobold

Illustrated notes

Levels and vault maps discovered:
D:1:      minmay_arrival_radiant_lines, layout_loops_ring, serial_shops,
          nicolae_shop_dealshenge
D:2:      layout_basic, nicolae_ecumenical_pavilion, uniq_jessica

Skill      XL: |  1  2  3 |
---------------+----------+-----
Fighting       | 4 |  4.2
Armour         | 4 |  4.1
Axes           | 3 |  3.0
Shields        | |  3.9

Action                     || total
---------------------------++-------
  Melee: War axe           ||    56
         Headbutt          ||     5
 Armour: Scale mail        ||    18
  Dodge: Dodged            ||    28
  Block: Buckler           ||    17
